BSA
PLYMOUTH ROCKS @ SO CAL HENVY
10/02/2026
 
TOP OF THE 1ST
Plymouth Rocks batting - Pitching for So Cal Henvy : RHP Juan González
Pitching: RHP Juan González
Batting: RHB Luis Sánchez 0-0: Called Strike
0-1: Ball
1-1: DOUBLE (Flyball, 78D)
Batting: SHB Greg Welch 0-0: Ball
1-0: Swinging Strike
1-1: Ball
2-1: Called Strike
2-2: Strikes out looking
Batting: LHB Roy Patrick 0-0: Ball
1-0: Called Strike
1-1: Swinging Strike
1-2: Hit by Pitch
Batting: LHB Roger Moore 0-0: Ball
1-0: Foul Ball, location: 2F
1-1: Ball
2-1: Called Strike
2-2: Foul Ball, location: 2F
2-2: Ground out 3-1 (Groundball, 34)
Luis Sánchez to third
Roy Patrick to second
Batting: RHB Andrés Lara 0-0: Ball
1-0: Foul Ball, location: 2F
1-1: Fly out, F4 (Popup, 34D)
Top of the 1st over - 0 run(s), 1 hit(s), 0 error(s), 2 left on base; Plymouth 0 - So Cal 0
BOTTOM OF THE 1ST
So Cal Henvy batting - Pitching for Plymouth Rocks : RHP José Martínez
Pitching: RHP José Martínez
Batting: SHB Miguel González 0-0: Ball
1-0: Foul Ball, location: 2F
1-1: Ball
2-1: Foul Ball, location: 2F
2-2: Ball
3-2: Foul Ball, location: 2F
3-2: Base on Balls
Batting: SHB Ray Burgess 0-0: Ball
1-0: Swinging Strike
1-1: Called Strike
1-2: Ball
2-2: SINGLE (Groundball, 3L)
Miguel González to second
Runner from 2nd tries for 3rd, SAFE, throw made to third
Batting: RHB Earl Wiggins 0-0: Foul Ball, location: 2F
0-1: Ball
1-1: Ball
2-1: Foul Ball, location: 2F
2-2: Foul Ball, location: 2F
2-2: Foul Ball, location: 2F
2-2: Foul Ball, location: 2F
2-2: SINGLE (Line Drive, 34)
Miguel González scores
Ray Burgess to second
Runner from 2nd tries for 3rd, SAFE, throw made to third
Batting: LHB César Valentín 0-0: Swinging Strike
0-1: Called Strike
0-2: Strikes out swinging
Batting: RHB Rubén Calderón 0-0: Called Strike
0-1: Swinging Strike
0-2: Grounds into double play, 5-4-3 (Groundball, 5L)
Bottom of the 1st over - 1 run(s), 2 hit(s), 0 error(s), 1 left on base; Plymouth 0 - So Cal 1
TOP OF THE 2ND
Plymouth Rocks batting - Pitching for So Cal Henvy : RHP Juan González
Batting: RHB António Gonzáles 0-0: Ball
1-0: Ball
2-0: SINGLE (Groundball, 6D)
Batting: LHB Barrett Waters 0-0: Called Strike
0-1: Foul Ball, location: 2F
0-2: Strikes out swinging
Batting: RHB Víctor Chávez 0-0: Ball
1-0: Ball
2-0: SINGLE (Line Drive, 9LS)
António Gonzáles to second
Batting: LHB Sean Nicks 0-0: Ball
1-0: Fielders Choice at 2nd, 5-4 (Groundball, 56)
António Gonzáles to third
Batting: RHB Luis Sánchez 0-0: Called Strike
0-1: Foul Ball, location: 2F
0-2: Foul Ball, location: 2F
0-2: Ball
1-2: Ball
2-2: SINGLE (Line Drive, 89S)
António Gonzáles scores
Sean Nicks to second
Batting: SHB Greg Welch 0-0: Ground out 1-3 (Groundball, 15S)
Top of the 2nd over - 1 run(s), 3 hit(s), 0 error(s), 2 left on base; Plymouth 1 - So Cal 1
BOTTOM OF THE 2ND
So Cal Henvy batting - Pitching for Plymouth Rocks : RHP José Martínez
Batting: LHB José Antonio Santiago 0-0: Ball
1-0: Foul Ball, location: 2F
1-1: Ball
2-1: Foul Ball, location: 2F
2-2: Foul Ball, location: 2F
2-2: Fly out, F3 (Line Drive, 3S)
Batting: RHB Morgan Gibbon 0-0: Fly out, F8 (Flyball, 8LM)
Batting: SHB Derek Roach 0-0: Ball
1-0: Fly out, F8 (Flyball, 8LM)
Bottom of the 2nd over - 0 run(s), 0 hit(s), 0 error(s), 0 left on base; Plymouth 1 - So Cal 1
TOP OF THE 3RD
Plymouth Rocks batting - Pitching for So Cal Henvy : RHP Juan González
Batting: LHB Roy Patrick 0-0: Ball
1-0: Called Strike
1-1: DOUBLE (Flyball, 89XD)
Batting: LHB Roger Moore 0-0: Ground out 4-3 (Groundball, 4)
Roy Patrick to third
Batting: RHB Andrés Lara 0-0: Ball
1-0: Called Strike
1-1: Foul Ball, location: 2F
1-2: Ball
2-2: Ground out 6-3 (Groundball, 6)
Roy Patrick scores
Batting: RHB António Gonzáles 0-0: Called Strike
0-1: Ball
1-1: Swinging Strike
1-2: Ground out 5-3 (Groundball, 5S)
Top of the 3rd over - 1 run(s), 1 hit(s), 0 error(s), 0 left on base; Plymouth 2 - So Cal 1
BOTTOM OF THE 3RD
So Cal Henvy batting - Pitching for Plymouth Rocks : RHP José Martínez
Batting: RHB Gregg Nelson 0-0: Ball
1-0: Ball
2-0: Foul Ball, location: 2F
2-1: Fly out, F8 (Flyball, 8RM)
Batting: SHB Miguel González 0-0: Called Strike
0-1: SOLO HOME RUN (Flyball, 89XD), Distance : 399 ft
Batting: SHB Ray Burgess 0-0: Ball
1-0: Called Strike
1-1: Called Strike
1-2: Fly out, F9 (Flyball, 89M)
Batting: RHB Earl Wiggins 0-0: Called Strike
0-1: Ground out 6-3 (Groundball, 6M)
Bottom of the 3rd over - 1 run(s), 1 hit(s), 0 error(s), 0 left on base; Plymouth 2 - So Cal 2
TOP OF THE 4TH
Plymouth Rocks batting - Pitching for So Cal Henvy : RHP Juan González
Batting: LHB Barrett Waters 0-0: Ball
1-0: SOLO HOME RUN (Flyball, 9D), Distance : 370 ft
Batting: RHB Víctor Chávez 0-0: Called Strike
0-1: SINGLE (Groundball, 6MD)
Batting: LHB Sean Nicks 0-0: Ball
1-0: Called Strike
1-1: Foul Ball, location: 2F
1-2: Ball
2-2: Fly out, F9 (Flyball, 89M)
Batting: RHB Luis Sánchez 0-0: Swinging Strike
Pickoff Throw by Catcher to First - Error! E2
Víctor Chávez to second
0-1: Foul Ball, location: 2F
0-2: Foul Ball, location: 2F
0-2: Foul Ball, location: 2F
0-2: Ground out 5-3 (Groundball, 5S)
Víctor Chávez to third
Batting: SHB Greg Welch 0-0: Ball
1-0: Called Strike
1-1: Fly out, F6 (Popup, 6MD)
Top of the 4th over - 1 run(s), 2 hit(s), 1 error(s), 1 left on base; Plymouth 3 - So Cal 2
BOTTOM OF THE 4TH
So Cal Henvy batting - Pitching for Plymouth Rocks : RHP José Martínez
Batting: LHB César Valentín 0-0: Called Strike
0-1: SINGLE (Groundball, 6MD)
Batting: RHB Rubén Calderón 0-0: Ball
1-0: Called Strike
1-1: Foul Ball, location: 2F
1-2: Strikes out swinging
Batting: LHB José Antonio Santiago 0-0: Called Strike
0-1: Called Strike
0-2: Ball
1-2: Ball
2-2: Ball
3-2: Strikes out swinging
Batting: RHB Morgan Gibbon 0-0: Ball
1-0: Ball
2-0: Called Strike
2-1: SINGLE (Groundball, 56D)
César Valentín to second
Batting: SHB Derek Roach 0-0: Foul Ball, location: 2F
0-1: Called Strike
0-2: Foul Ball, location: 2F
0-2: Ball
1-2: Foul Ball, location: 2F
1-2: Ball
2-2: Fly out, F8 (Line Drive, 8RS)
Bottom of the 4th over - 0 run(s), 2 hit(s), 0 error(s), 2 left on base; Plymouth 3 - So Cal 2
TOP OF THE 5TH
Plymouth Rocks batting - Pitching for So Cal Henvy : RHP Juan González
Batting: LHB Roy Patrick 0-0: Called Strike
0-1: Ball
1-1: Ball
2-1: Ground out 4-3 (Groundball, 34)
Batting: LHB Roger Moore 0-0: Foul Ball, location: 2F
0-1: Called Strike
0-2: Ball
1-2: Foul Ball, location: 2F
1-2: Ground out 4-3 (Groundball, 4)
Batting: RHB Andrés Lara 0-0: Ground out 6-3 (Groundball, 6)
Top of the 5th over - 0 run(s), 0 hit(s), 0 error(s), 0 left on base; Plymouth 3 - So Cal 2
BOTTOM OF THE 5TH
So Cal Henvy batting - Pitching for Plymouth Rocks : RHP José Martínez
Batting: RHB Gregg Nelson 0-0: Ball
1-0: Foul Ball, location: 2F
1-1: Ground out 5-3 (Groundball, 5S)
Batting: SHB Miguel González 0-0: Ball
1-0: Called Strike
1-1: Foul Ball, location: 2F
1-2: Fly out, F7 (Flyball, 7LSF)
Batting: SHB Ray Burgess 0-0: Called Strike
0-1: Called Strike
0-2: Ball
1-2: Foul Ball, location: 2F
1-2: Foul Ball, location: 2F
1-2: Foul Ball, location: 2F
1-2: Ground out 4-3 (Groundball, 4S)
Bottom of the 5th over - 0 run(s), 0 hit(s), 0 error(s), 0 left on base; Plymouth 3 - So Cal 2
TOP OF THE 6TH
Plymouth Rocks batting - Pitching for So Cal Henvy : RHP Juan González
Batting: RHB António Gonzáles 0-0: Ball
1-0: Swinging Strike
1-1: Ball
2-1: Ground out 6-3 (Groundball, 6)
Batting: LHB Barrett Waters 0-0: Ball
1-0: Called Strike
1-1: DOUBLE (Flyball, 7LD)
Batting: RHB Víctor Chávez 0-0: Ball
1-0: Foul Ball, location: 2F
1-1: Ground out 6-3 (Groundball, 6)
Barrett Waters to third
Batting: LHB Sean Nicks 0-0: Ball
1-0: Ball
2-0: Called Strike
2-1: Swinging Strike
2-2: Foul Ball, location: 2F
2-2: Strikes out swinging
Top of the 6th over - 0 run(s), 1 hit(s), 0 error(s), 1 left on base; Plymouth 3 - So Cal 2
BOTTOM OF THE 6TH
So Cal Henvy batting - Pitching for Plymouth Rocks : RHP José Martínez
Pitching: RHP Jean Burrows
Batting: RHB Earl Wiggins 0-0: Called Strike
0-1: Ball
1-1: SINGLE (Groundball, 5D)
Batting: LHB César Valentín 0-0: Ball
1-0: Ball
2-0: Swinging Strike
2-1: Grounds into double play, U3-6 (Groundball, 3L)
Batting: RHB Rubén Calderón 0-0: Ball
1-0: SINGLE (Line Drive, 6)
Batting: LHB José Antonio Santiago 0-0: Swinging Strike
0-1: Swinging Strike
0-2: Ball
1-2: Ground out 1-3 (Groundball, 25)
Bottom of the 6th over - 0 run(s), 2 hit(s), 0 error(s), 1 left on base; Plymouth 3 - So Cal 2
TOP OF THE 7TH
Plymouth Rocks batting - Pitching for So Cal Henvy : RHP Juan González
Pitching: RHP Jerry Good
Batting: RHB Luis Sánchez 0-0: Called Strike
0-1: Ball
1-1: Swinging Strike
1-2: Ball
2-2: Ball
3-2: Strikes out swinging
Batting: SHB Greg Welch 0-0: Called Strike
0-1: Fly out, F8 (Flyball, 8LD)
Pitching: LHP Raúl Sandoval
Batting: LHB Roy Patrick 0-0: Fly out, F9 (Flyball, 89S)
Top of the 7th over - 0 run(s), 0 hit(s), 0 error(s), 0 left on base; Plymouth 3 - So Cal 2
BOTTOM OF THE 7TH
So Cal Henvy batting - Pitching for Plymouth Rocks : RHP Jean Burrows
Batting: RHB Morgan Gibbon 0-0: Ball
1-0: SINGLE (Line Drive, 3D)
Batting: SHB Derek Roach 0-0: Sac Bunt - play at first, batter OUT! 1-4
Morgan Gibbon to second
Pinch Hitting: LHB Al Mills 0-0: Ground out 4-3 (Groundball, 4)
Morgan Gibbon to third
Batting: SHB Miguel González 0-0: Called Strike
0-1: Foul Ball, location: 2F
0-2: Strikes out looking
Bottom of the 7th over - 0 run(s), 1 hit(s), 0 error(s), 1 left on base; Plymouth 3 - So Cal 2
TOP OF THE 8TH
Plymouth Rocks batting - Pitching for So Cal Henvy : LHP Raúl Sandoval
Pitching: RHP Jim Nelson
Now at 2B: Al Mills
Batting: LHB Roger Moore 0-0: SINGLE (Groundball, 3S) (infield hit)
Pinch Hitting: LHB Frank Geddes 0-0: Foul Ball, location: 2F
0-1: Foul Ball, location: 2F
0-2: Ball
Wild Pitch!
Roger Moore to second
1-2: Ball
2-2: Ball
3-2: Intentional Walk
Pinch Hitting: RHB Jorge Jiménez 0-0: Sac Bunt - play at first, batter OUT! 1-4
Roger Moore to third
Frank Geddes to second
Batting: LHB Barrett Waters 0-0: Intentional Walk
Pinch Hitting: RHB Javier Deleón 0-0: Ball
1-0: Called Strike
1-1: Foul Ball, location: 2F
1-2: Strikes out swinging
Batting: LHB Sean Nicks 0-0: Swinging Strike
0-1: SINGLE (Line Drive, 7S)
Roger Moore scores
Frank Geddes to third
Barrett Waters to second
Runner from 3rd tries for Home, SAFE, throw made home
Batting: RHB Luis Sánchez 0-0: Ball
1-0: Foul Ball, location: 2F
1-1: Called Strike
1-2: Foul Ball, location: 2F
1-2: Ball
2-2: Ball
3-2: Base on Balls
Barrett Waters to third
Sean Nicks to second
Batting: SHB Greg Welch 0-0: Ball
1-0: Called Strike
1-1: Called Strike
1-2: Ground out 1-3 (Groundball, 15S)
Top of the 8th over - 2 run(s), 2 hit(s), 0 error(s), 3 left on base; Plymouth 5 - So Cal 2
BOTTOM OF THE 8TH
So Cal Henvy batting - Pitching for Plymouth Rocks : RHP Jean Burrows
Pitching: RHP Soichiro Ikeda
Now at 3B: Jorge Jiménez
Now at SS: Ray Yates
Now in RF: António Zúńiga
Batting: SHB Ray Burgess 0-0: Ground out 1-3 (Groundball, 15S)
Batting: RHB Earl Wiggins 0-0: Called Strike
0-1: Ball
1-1: Ball
2-1: Called Strike
2-2: Strikes out looking
Batting: LHB César Valentín 0-0: Ball
1-0: SOLO HOME RUN (Line Drive, 9LD), Distance : 352 ft
Batting: RHB Rubén Calderón 0-0: Ball
1-0: Called Strike
1-1: SOLO HOME RUN (Flyball, 7D), Distance : 467 ft
Pitching: LHP Salvador Rodríguez
Batting: LHB José Antonio Santiago 0-0: Ball
1-0: Ball
2-0: Fly out, F7 (Line Drive, 78M)
Bottom of the 8th over - 2 run(s), 2 hit(s), 0 error(s), 0 left on base; Plymouth 5 - So Cal 4
TOP OF THE 9TH
Plymouth Rocks batting - Pitching for So Cal Henvy : RHP Jim Nelson
Pitching: RHP Juan Flores
Batting: LHB Roy Patrick 0-0: SINGLE (Line Drive, 6MD)
Batting: LHB Roger Moore 0-0: Foul Ball, location: 2F
0-1: Ball
1-1: Called Strike
1-2: Strikes out looking
Pinch Hitting: RHB Juan Valverde 0-0: Ball
1-0: Foul Ball, location: 2F
1-1: Foul Ball, location: 2F
1-2: Foul Ball, location: 2F
1-2: Ball
2-2: Ball
Roy Patrick steals 2nd base
3-2: Foul Ball, location: 2F
3-2: Foul Ball, location: 2F
3-2: Ground out 5-3 (Groundball, 5S)
Roy Patrick to third
Batting: RHB Jorge Jiménez 0-0: Called Strike
0-1: Ball
1-1: Ball
2-1: Ball
3-1: Foul Ball, location: 2F
3-2: 2-RUN HOME RUN (Flyball, 9LD), Distance : 354 ft
Batting: LHB Barrett Waters 0-0: Called Strike
0-1: Called Strike
0-2: Ball
1-2: Strikes out looking
Top of the 9th over - 2 run(s), 2 hit(s), 0 error(s), 0 left on base; Plymouth 7 - So Cal 4
BOTTOM OF THE 9TH
So Cal Henvy batting - Pitching for Plymouth Rocks : LHP Salvador Rodríguez
Pitching: RHP Luis Cortéz
Now at SS: Júlio Negrón
Batting: RHB Morgan Gibbon 0-0: Foul Ball, location: 2F
0-1: Ground out 4-3 (Groundball, 4M)
Batting: SHB Derek Roach 0-0: Ball
1-0: Foul Ball, location: 2F
1-1: Ball
2-1: Ball
3-1: SOLO HOME RUN (Flyball, 9LD), Distance : 339 ft
Batting: LHB Al Mills 0-0: Ball
1-0: Ball
2-0: Ball
3-0: Called Strike
3-1: Swinging Strike
3-2: Foul Ball, location: 2F
3-2: Foul Ball, location: 2F
3-2: Strikes out swinging
Batting: SHB Miguel González 0-0: Ball
1-0: Foul Ball, location: 2F
1-1: Called Strike
1-2: Ball
2-2: Ball
3-2: Fly out, F7 (Flyball, 78D)
Bottom of the 9th over - 1 run(s), 1 hit(s), 0 error(s), 0 left on base; Plymouth 7 - So Cal 5
Monday, December 5th, 2016 - OOTP Baseball 17.12 Build 75